Map: 파라 사이트 - 래더

Players

herO

  • Race: Protoss Protoss
  • League: Grandmaster
  • Spawn Location: 5:00

aLive - Winner!

  • Race: Terran Terran
  • League: Grandmaster
  • Spawn Location: 11:00

Event: IEM Season 13 - Katowice Server Qualifiers Asia 1

VOD

Have the link to the VOD?

Description

Time

  • Played on: Jan. 14, 2019, 5:18 a.m.
  • Length: 8:18

All games in this series

Show
View Real Time Build Order
Export as new Build Order

herO Protoss 

Build Orders: 1 Gate Expand, Blink Stalkers 

Get SALT Encoding   

  12  0:00  Probe  
  13  0:12  Probe  
  14  0:17  Pylon  
  14  0:25  Probe  
  15  0:33  Probe  
  15  0:35  Gateway  
  15  0:41  Probe  
  16  0:46  Assimilator  
  17  0:51  Probe  
  18  1:03  Probe  
  19  1:15  Probe  
  20  1:22  Cybernetics Core  
  20  1:33  Nexus  
  20  1:39  Pylon  
  20  1:42  Probe  
  21  1:47  Assimilator  
  21  1:49  Adept  
  21  1:54  Probe  
  21  2:00  Warp Gate  
  24  2:06  Probe  
  24  2:08  Adept  
  25  2:18  Probe  
  27  2:28  Twilight Council  
  27  2:31  Probe  
  27  2:33  Adept  
  30  2:43  Probe  
  31  2:45  Blink  
  31  2:47  Probe  
  32  2:55  Probe  
  33  2:59  Probe  
  34  3:13  Stalker  
  34  3:17  Probe x2  
  36  3:26  Gateway  
  34  3:28  Gateway  
  34  3:29  Probe x2  
  36  3:37  Robotics Facility  
  36  3:41  Probe x2  
  40  3:51  Pylon  
  40  3:54  Probe  
  40  3:55  Probe  
  40  4:03  Pylon  
  40  4:07  Probe x2, Stalker  
  41  4:18  Observer  
  41  4:19  Probe x2  
  41  4:21  Stalker x2  
  41  4:24  Pylon  
  47  4:31  Probe x2, Assimilator x2, Stalker  
  50  4:34  Observer  
  50  4:38  Pylon  
  52  4:43  Probe  
  52  4:44  Probe  
  55  4:47  Warp Prism  
  55  4:55  Probe  
  55  4:59  Stalker x2  
  61  5:01  Stalker  
  61  5:06  Probe  
  61  5:08  Probe  
  61  5:13  Shield Battery  
  62  5:20  Probe x2  
  64  5:24  Observer  
  65  5:33  Dark Shrine, Probe x2  
  67  5:42  Nexus  
  67  5:45  Pylon  
  67  5:48  Pylon  
  67  5:59  Immortal  
  67  6:01  Probe x2  
  67  6:03  Charge  
  73  6:13  Forge  
  73  6:14  Gateway  
  75  6:24  Pylon  
  73  6:32  Immortal  
  69  6:33  Shield Battery  
  71  6:45  Dark Templar x2  
  68  6:54  Gateway  
  68  6:57  Gateway  
  68  6:58  Gateway  
  68  7:00  Probe x2, Gateway  
  67  7:08  Dark Templar  
  67  7:14  Stalker  
  56  7:36  Stalker x2  
  33  8:01  Dark Templar x4  
Show
View Real Time Build Order
Export as new Build Order

aLive Terran - Winner!

Build Orders: Gas First Reaper Expand, Banshee Rush 

Get SALT Encoding   

  12  0:00  SCV  
  13  0:12  SCV  
  14  0:17  Supply Depot  
  14  0:24  SCV  
  15  0:29  Refinery  
  15  0:39  SCV  
  16  0:44  Barracks  
  16  0:51  SCV  
  17  1:03  SCV  
  18  1:15  SCV  
  19  1:31  Reaper, Orbital Command  
  20  1:41  Command Center  
  20  1:51  Factory  
  20  1:56  SCV  
  21  2:01  Refinery  
  21  2:05  Barracks Reactor  
  21  2:08  SCV  
  21  2:12  Supply Depot  
  22  2:21  SCV  
  23  2:34  SCV  
  24  2:37  Starport  
  24  2:44  Hellion x2  
  24  2:47  SCV  
  29  2:54  Orbital Command  
  29  2:57  Barracks Tech Lab  
  29  3:08  Hellion x2  
  32  3:18  SCV  
  32  3:21  SCV  
  33  3:28  Cloaking Field  
  33  3:29  Banshee  
  33  3:33  Marine x2  
  38  3:35  SCV x2  
  38  3:39  Supply Depot  
  40  3:42  Factory Tech Lab  
  40  3:47  SCV x2  
  42  3:51  Marine x2  
  44  3:57  Supply Depot  
  44  3:59  SCV x2  
  46  4:09  Marine x2  
  45  4:10  Siege Tank  
  49  4:19  Banshee  
  49  4:21  SCV x2  
  52  4:24  Supply Depot  
  52  4:29  Marine x2  
  52  4:31  Supply Depot  
  54  4:33  SCV x2  
  56  4:42  Siege Tank  
  59  4:48  Marine x2  
  59  4:49  SCV x2  
  63  5:01  SCV x2, Banshee  
  68  5:07  Marine x2  
  70  5:15  SCV  
  70  5:18  Siege Tank  
  70  5:19  Supply Depot  
  70  5:20  Command Center  
  74  5:26  Marine x2  
  72  5:33  SCV x2  
  74  5:37  Barracks  
  74  5:38  Barracks  
  74  5:40  Engineering Bay x2  
  74  5:45  SCV x2  
  74  5:47  Refinery  
  74  5:48  Refinery  
  76  5:53  Starport Reactor  
  73  5:58  SCV x2  
  73  6:03  Marine x2  
  77  6:05  Bunker  
  77  6:08  Terran Infantry Armor Level 1, Terran Infantry Weapons Level 1  
  77  6:10  Factory Reactor  
  77  6:11  SCV x2  
  79  6:23  Marine x2  
  81  6:25  Barracks  
  81  6:27  Barracks  
  78  6:37  SCV x2  
  79  6:40  Marine  
  79  6:41  Marine, Combat Shield  
  79  6:42  Marine x2  
  83  6:51  Missile Turret x2  
  82  6:56  Orbital Command  
  82  7:03  Missile Turret  
  82  7:04  Marine x4  
  82  7:05  Widow Mine x2  
  89  7:11  Missile Turret  
  89  7:13  Barracks Tech Lab  
  89  7:14  Barracks Reactor  
  89  7:15  Medivac x2  
  89  7:24  Marine x2  
  89  7:25  Marauder x2  
  89  7:29  Orbital Command  
  93  7:34  Marauder, SCV x2  
  95  7:43  Widow Mine x2  
  89  7:55  Marine x4  
  89  7:56  Marauder  
  89  7:57  Marauder x2  
  99  8:03  SCV x2  
  99  8:04  SCV  
  96  8:07  Armory  

Tags
 
Add a new tag
Caveats
  • Supply blocks, unpowered buildings, or Contaminate may cause inaccurate times.
  • Supply counts are checked every 10 seconds.